 Dungeon Crawl Stone Soup version 0.23-a0-183-gf37f6fb (console) character file.

47 Voker57 the Skirmisher (level 3, -1/29 HPs)
             Began as a Demonspawn Abyssal Knight on Sept 21, 2018.
             Was a Believer of Lugonu.
             Slain by an iguana (13 damage)
             ... on level 2 of the Dungeon.
             The game lasted 00:02:32 (1599 turns).

Voker57 the Skirmisher (Demonspawn Abyssal Knight)  Turns: 1599, Time: 00:02:32

Health: -1/29      AC:  4    Str: 12    XL:     3   Next: 48%
Magic:  4/4        EV: 11    Int: 13    God:    Lugonu [**....]
Gold:   122        SH:  0    Dex: 13    Spells: 2/2 levels left

rFire    . . .     SeeInvis .   a - +1 falchion
rCold    . . .     Gourm    .   (no shield)
rNeg     . . .     Faith    .   b - +0 leather armour
rPois    .         Spirit   .   f - +1 hat
rElec    .         Reflect  .   (no cloak)
rCorr    .         Harm     .   (no gloves)
MR       .....                  (no boots)
Stlth    +++.......             (no amulet)
HPRegen  0.09/turn              (no ring)
MPRegen  0.09/turn              (no ring)

@: no status effects
A: nightstalker 2
a: Depart the Abyss, Bend Space, Renounce Religion


You were on level 2 of the Dungeon.
You worshipped Lugonu.
Lugonu was pleased with you.
You were not hungry.

You visited 1 branch of the dungeon, and saw 2 of its levels.
You visited the Abyss 1 time.

You collected 122 gold pieces.

Inventory:

Hand Weapons
 a - a +1 falchion (weapon)
Armour
 b - a +0 leather armour (worn)
 f - a +1 hat (worn)
Jewellery
 e - a +3 ring of strength {unknown}
 j - an uncursed ring of stealth {unknown}
 k - a +3 amulet of reflection {unknown}
Scrolls
 d - 2 scrolls of teleportation {unknown}
 l - a scroll of enchant weapon {unknown}
 m - 2 scrolls of identify {unknown}
Potions
 i - a potion of curing {unknown}
Comestibles
 c - 2 rations
 h - a chunk of flesh


   Skills:
 + Level 3.6 Fighting
 + Level 2.4 Long Blades
 + Level 2.2 Armour
 + Level 1.1 Dodging
 + Level 0.2 Stealth
 + Level 2.4 Invocations


You had 2 spell levels left.
You didn't know any spells.
Your spell library was empty.

Dungeon Overview and Level Annotations

Branches:
Dungeon (2/15)

Altars:


Innate Abilities, Weirdness & Mutations

You are significantly more attuned to the shadows.


Message History

You hit the iguana.
The iguana is moderately wounded.
The iguana bites you.
You are too injured to fight recklessly!
You aren't carrying any items that you can evoke.
Unknown command.
Unknown command.
It was a potion of heal wounds.
You feel much better. The iguana bites you!
You hit the iguana but do no damage.
The iguana is moderately wounded.
The iguana barely misses you.
You riposte.
You hit the iguana.
The iguana is moderately wounded.
The iguana bites you.
You hit the iguana.
The iguana is heavily wounded.
The iguana closely misses you.
You hit the iguana.
The iguana is severely wounded.
The iguana bites you!
You die...

##.##.#.# #####.####.####..(...
##......#####...#..........#(####
#####.###.....#..............#
......# #.###...#####..#..)#.#
#########.#######............#
#.......# #.###..###.#.#
#.##.##.# #.# #........#
#.#..##.# #.# #......#.#
#....##.####.##########.#
#.#.###.##.@...# #.#
#.......##l....# #.#
###.######.....# ##.# #.# #.....#
#..# #.# #.....# #.## ##.##
####### #.# #...# #.# #..## #####
#.# #.## ##...## #.# #.#
###.....# #.#


You could see an iguana.

Vanquished Creatures
  2 dart slugs
  5 bats
  A giant cockroach (D:1)
  6 goblins
  5 hobgoblins
  3 jackals
  5 kobolds
  2 quokkas (D:2)
  2 frilled lizards
  9 rats
40 creatures vanquished.

Notes
Turn   | Place    | Note
-------+----------+-------------------------------------------
     0 | Abyss:1  | Voker57 the Demonspawn Abyssal Knight began the quest for
                  | the Orb.
     0 | Abyss:1  | Reached XP level 1. HP: 18/18 MP: 2/2
   117 | Abyss:1  | Noticed a dire elephant zombie
   120 | D:1      | Escaped the Abyss
   336 | D:1      | Gained mutation: You are slightly more attuned to the
                  | shadows. [demonic ancestry]
   336 | D:1      | Reached XP level 2. HP: 15/24 MP: 3/3
   807 | D:1      | Reached ** piety under Lugonu
   807 | D:1      | Reached skill level 1 in Dodging
   930 | D:2      | Gained mutation: You are significantly more attuned to the
                  | shadows. [demonic ancestry]
   930 | D:2      | Reached XP level 3. HP: 29/29 MP: 4/4
  1599 | D:2      | Slain by an iguana

Vault maps used:
D:1:      dpeg_cavernosity, lemuel_old_faithful
D:2:      roderic_serpentine_path
Abyss:1:  minivault_23

Skill      XL: |  1  2 |
---------------+-------+-----
Armour         | 2 |  2.2
Long Blades    | 2 |  2.4
Dodging        | 1 |  1.1
Fighting       | |  3.6
Stealth        | |  0.2
Invocations    | |  2.4

Action                   || total
-------------------------++-------
Melee: Falchion          ||   105
  Use: Scroll            ||     2
       Potion            ||     1
 Stab: Sleeping          ||    13
  Eat: Chunk             ||     2
Armor: Leather armour    ||    39
Dodge: Dodged            ||    72
       Rpst.: Falchion   ||    26

Table legend:
 A = Non-vault XP
 B = Vault XP
 C = Vault XP percentage of total XP
 D = Non-vault monster count
 E = Vault monster count
 F = Vault count percentage of total count
                 A         B        C        D         E       F
            +---------+---------+-------+---------+---------+-------
      Total |      62 |       6 |   8.8 |      36 |       4 |  10.0
            +---------+---------+-------+---------+---------+-------
        D:1 |      29 |       6 |  17.1 |      17 |       4 |  19.0
        D:2 |      33 |       0 |   0.0 |      19 |       0 |   0.0
            +---------+---------+-------+---------+---------+-------
